 Dungeon Crawl Stone Soup version 0.21.1-1-g345015fe64 (webtiles) character file.

4545 Dasatrys the Carver (level 10, 0/82 (83) HPs)
             Began as a White Draconian Berserker on July 29, 2018.
             Was an Elder of Trog.
             Slain by a troll (3 damage)
             ... on level 9 of the Dungeon.
             The game lasted 00:32:36 (9556 turns).

Dasatrys the Carver (White Draconian Berserker)     Turns: 9556, Time: 00:32:36

HP:   0/82 (83)     AC:  9    Str: 22    XL:     10   Next: 17%
MP:   10/10         EV: 12    Int:  7    God:    Trog [****..]
Gold: 450           SH: 18    Dex: 12    Spells: 9/9 levels left

rFire    . . .     SeeInvis .   a - +0 falchion
rCold    + . .     Gourm    .   x - +2 large shield
rNeg     + . .     Faith    .   (armour unavailable)
rPois    +         Spirit   .   (helmet restricted)
rElec    .         Reflect  .   (no cloak)
rCorr    .         Harm     .   d - +0 pair of gloves
MR       ++...                  i - +0 pair of boots
Stlth    +.........             A - amulet of regeneration
HPRegen  1.63/turn              m - ring of poison resistance
MPRegen  0.12/turn              t - ring of positive energy

@: regenerating
A: breathe frost, unfitting armour, cold resistance 1, cold-blooded, AC +7
a: Breathe Frost, Berserk, Trog's Hand, Brothers in Arms, Burn Spellbooks,
Renounce Religion


You were on level 9 of the Dungeon.
You worshipped Trog.
Trog was greatly pleased with you.
You were not hungry.

You visited 1 branch of the dungeon, and saw 9 of its levels.
You also visited: Sewer.

You collected 450 gold pieces.

Inventory:

Hand Weapons
 a - a +0 falchion (weapon)
 I - a +2 antimagic hand axe
Armour
 d - a +0 pair of gloves (worn)
 i - a +0 pair of boots (worn)
 x - a +2 large shield (worn)
Jewellery
 m - a ring of poison resistance (left hand)
 r - an uncursed amulet of the gourmand
 t - a ring of positive energy (right hand)
 A - an amulet of regeneration (around neck)
 G - a +4 ring of intelligence
Wands
 y - a wand of disintegration (15)
Scrolls
 e - 4 scrolls of remove curse
 h - 5 scrolls of teleportation {unknown}
 j - 3 scrolls of enchant weapon {unknown}
 l - a scroll of noise {unknown}
 n - 2 scrolls of amnesia {unknown}
 p - a scroll of blinking {unknown}
 q - 8 scrolls of identify {unknown}
 s - a scroll of fog {unknown}
 v - a scroll of random uselessness {unknown}
 w - a scroll of fear {unknown}
 E - a scroll of magic mapping {unknown}
 F - 2 scrolls of immolation {unknown}
Potions
 c - a potion of cancellation {unknown}
 f - a potion of lignification {unknown}
 g - 5 potions of curing {unknown}
 k - 3 potions of heal wounds {unknown}
 o - a potion of invisibility {unknown}
 u - a potion of might {unknown}
 z - 2 potions of mutation {unknown}
 B - a potion of haste {unknown}
 C - a potion of resistance
 D - a potion of berserk rage {unknown}
Comestibles
 b - 13 rations
 H - 4 chunks of flesh


   Skills:
 - Level 6.2 Fighting
 + Level 10.0 Long Blades
 - Level 6.4 Dodging
 * Level 8.2 Shields


You had 9 spell levels left.
You didn't know any spells.

Dungeon Overview and Level Annotations

Branches:
Dungeon (9/15)             Temple (0/1) D:4
   Lair: D:8-11         Orc: D:9-12

Altars:
Cheibriados


Innate Abilities, Weirdness & Mutations

You can breathe waves of freezing cold.
You can buffet flying creatures when you breathe cold.
Your icy white scales are hard. (AC +7)
You cannot fit into any form of body armour.
Your flesh is cold resistant. (rC+)
You are cold-blooded and may be slowed by cold attacks.


Message History

The orc warrior is heavily wounded.
You block the orc's attack. You block the orc warrior's attack.
The troll barely misses you. The troll claws you but does no damage.
You block the troll's attack.
You closely miss the orc warrior.
Your tail-slap misses the orc warrior.
The orc warrior is heavily wounded.
You block the orc's attack. You block the orc warrior's attack.
You hit the orc warrior but do no damage.
The orc warrior is heavily wounded.
The troll bites you. You block the troll's attack. The troll claws you!
* * * LOW HITPOINT WARNING * * *
The orc closely misses you.
The orc warrior hits you with a hand axe!
* * * LOW HITPOINT WARNING * * *
You slash the orc warrior!
The orc warrior is severely wounded.
The troll bites you!
* * * LOW HITPOINT WARNING * * *
You block the troll's attack. The troll claws you.
You die...

##.÷.....# §§#
.....##...)...# .§§#
......#.......#####...#
......#................
........#..............
.......###...##....#...
....... ##...##...##
.......##...###...#
......OT@...##...##
.......oo#...#..##
......#.####....#
......#.# ###..# .....
#.# ##.## ....# #..
#..# ..## ### #### ##


You could see a two-headed ogre, a troll, an orc warrior and an orc.

Vanquished Creatures
  A two-headed ogre (D:8)
  The ghost of Chudej the Thaumaturge, a novice DECj of Nemelex Xobeh (D:6)
  A troll (D:9)
  Sigmund (D:6)
  A wraith (D:6)
  A sky beast (D:6)
  A phantom (D:4)
  A black bear (D:8)
  A necrophage (D:7)
  3 ogres (D:5)
  3 centaurs
  7 big kobolds (Sewer)
  2 bullfrogs
  5 killer bees (D:8)
  A scorpion (D:8)
  4 wights (D:8)
  2 crimson imps
  4 hounds
  2 orc priests
  A bullfrog skeleton (D:4)
  2 centaur skeletons
  A gnoll shaman (D:4)
  An iguana (D:6)
  6 orc wizards
  4 worker ants
  Natasha (twice) (D:2 D:3)
  A hound zombie (D:5)
  A hound skeleton (D:7)
  2 worker ant zombies
  10 gnolls
  3 adders
  3 river rats (Sewer)
  A shadow imp (D:8)
  3 oozes
  2 adder skeletons (D:4)
  9 worms
  A dart slug (D:1)
  2 leopard geckos
  26 orcs
  8 bats
  8 giant cockroaches
  5 goblins
  8 hobgoblins
  11 jackals
  2 quokkas
  4 ball pythons
  2 frilled lizards
  14 kobolds
  11 rats
196 creatures vanquished.

Vanquished Creatures (others)
  3 gnolls (D:9)
3 creatures vanquished.

Grand Total: 199 creatures vanquished

Notes
Turn   | Place    | Note
-------+----------+-------------------------------------------
     0 | D:1      | Dasatrys the Draconian Berserker began the quest for the Orb.
     0 | D:1      | Reached XP level 1. HP: 19/19 MP: 1/1
   288 | D:1      | Reached XP level 2. HP: 22/26 MP: 2/2
   528 | D:1      | Reached ** piety under Trog
   761 | D:2      | Reached XP level 3. HP: 32/33 MP: 3/3
   793 | D:2      | Found a snail-covered altar of Cheibriados.
   796 | D:2      | Noticed Natasha
   807 | D:2      | Killed Natasha
   807 | D:2      | Reached skill level 4 in Long Blades
   885 | D:2      | Reached XP level 4. HP: 34/40 MP: 4/4
  1926 | D:3      | Noticed Natasha
  1936 | D:3      | Killed Natasha
  1936 | D:3      | Reached XP level 5. HP: 42/47 MP: 5/5
  2312 | D:3      | Reached *** piety under Trog
  2707 | D:4      | Noticed a phantom
  2744 | D:4      | Killed a phantom
  2744 | D:4      | Reached skill level 5 in Long Blades
  2744 | D:4      | Reached XP level 6. HP: 29/55 MP: 6/6
  2979 | D:4      | Reached skill level 5 in Fighting
  3506 | D:4      | Found a staircase to the Ecumenical Temple.
  3691 | D:4      | Your scales start taking on an icy white colour.
  3691 | D:4      | Reached XP level 7. HP: 60/61 MP: 7/7
  3691 | D:4      | Gained mutation: Your flesh is cold resistant. (rC+) [White Draconian growth]
  4063 | D:4      | Got a blackened hand axe
  4074 | D:5      | Entered Level 5 of the Dungeon
  4135 | D:5      | Found a glowing drain.
  4227 | Sewer    | Entered a sewer
  4277 | Sewer    | Reached skill level 6 in Long Blades
  4382 | Sewer    | Reached skill level 5 in Dodging
  4802 | Sewer    | Reached **** piety under Trog
  5219 | Sewer    | Reached XP level 8. HP: 34/70 MP: 8/8
  5621 | Sewer    | Reached skill level 7 in Long Blades
  6875 | D:6      | Reached skill level 8 in Long Blades
  6875 | D:6      | Reached skill level 1 in Shields
  6913 | D:6      | Noticed Chudej's ghost (novice DECj)
  6924 | D:6      | Killed Chudej's ghost
  6924 | D:6      | Reached XP level 9. HP: 75/75 MP: 9/9
  7375 | D:6      | Noticed Sigmund
  7384 | D:6      | Killed Sigmund
  7384 | D:6      | Reached skill level 9 in Long Blades
  8263 | D:7      | Reached skill level 5 in Shields
  8550 | D:8      | Noticed a two-headed ogre
  8573 | D:8      | Killed a two-headed ogre
  8970 | D:8      | Reached XP level 10. HP: 79/82 MP: 10/10
  9467 | D:9      | Reached skill level 10 in Long Blades
  9549 | D:9      | Noticed a two-headed ogre
  9556 | D:9      | HP: 3/82 [troll (14)]
  9556 | D:9      | Slain by a troll

Skill      XL: |  1  2  3  4  5  6  7  8  9 10 |
---------------+-------------------------------+-----
Fighting       | 4 5 6 |  6.2
Long Blades    | 4 5 6 8 9 10 | 10.0
Dodging        | 3 4 5 6 |  6.4
Shields        | 3 7 8 |  8.2

Action                   |  1- 3 |  4- 6 |  7- 9 | 10-12 || total
-------------------------+-------+-------+-------+-------++-------
Melee: Falchion          |    80 |   197 |   611 |    91 ||   979
       Tailslap          |    12 |    33 |   103 |    11 ||   159
Invok: Berserk           |       |     1 |     4 |     1 ||     6
       Trog's Hand       |       |       |     2 |     1 ||     3
       Burn Spellbooks   |       |       |     1 |       ||     1
  Use: Scroll            |     1 |       |       |       ||     1
  Eat: Chunk             |       |    20 |    22 |       ||    42
Armor: Skin              |    35 |    59 |   141 |    26 ||   261
Dodge: Dodged            |    79 |   130 |   271 |    44 ||   524
Block: Large shield      |       |       |   251 |   124 ||   375
       Rpst.: Falchion   |    23 |    51 |    84 |    10 ||   168
